 Dungeon Crawl Stone Soup version 0.31.0-32-g396128a36d (webtiles) character file.

Game seed: 10880435951563062674

12772 H0rd4k the Martial Artist (level 11, -3/75 HPs)
             Began as an Octopode Artificer on Apr 2, 2024.
             Was an Initiate of Gozag.
             Slain by a cane toad (7 damage)
             ... on level 2 of the Lair of Beasts on Apr 3, 2024.
             The game lasted 00:29:39 (12140 turns).

H0rd4k the Martial Artist (Octopode Artificer)     Turns: 12140, Time: 00:29:40

Health: -3/75      AC:  9    Str: 11    XL:     11   Next: 98%
Magic:  17/17      EV: 33    Int: 23    God:    Gozag
Gold:   1850       SH:  0    Dex:  8    Spells: 8/18 levels left

rFire   + + .        S - +9 falchion of Broken Luck {freeze, rF+}
rCold   . . .        (no shield)
rNeg    . . .        (helmet restricted)
rPois   .            g - amulet of the acrobat
rElec   .            k - +4 ring of protection
rCorr   .            m - +4 ring of protection
SInv    +            P - ring "Duarroso" {EV+5 Int+4 Dex-4 SInv}
Will    .....        R - ring of protection from fire
Stlth   ++           (no ring)
HPRegen 0.32/turn    (no ring)
MPRegen 0.15/turn    (no ring)
                     (no ring)

%: acrobat
@: acrobatic
A: almost no armour, amphibious, 8 rings, camouflage 1, gelatinous body 1,
(nimble swimmer 1), tentacles
a: Renounce Religion, Potion Petition, Call Merchant, Bribe Branch


You were on level 2 of the Lair of Beasts.
You worshipped Gozag.
Gozag was most pleased with you.
You visited 3 branches of the dungeon, and saw 13 of its levels.
You also visited: Ossuary and Bailey.

You collected 2158 gold pieces.
You paid 308 gold pieces to Gozag.

Inventory:

Hand Weapons
 c - a +2 dagger of draining
 h - the +6 dagger of Cocytus {elec, rN+++ Int-4 Dex+5}
   (You found it on level 9 of the Dungeon)

   Int-4:     It affects your intelligence (-4).
   Dex+5:     It affects your dexterity (+5).
   rN+++:     It renders you almost immune to negative energy.
 t - a +2 dagger of flaming
 L - a +2 dagger of freezing
 S - the +9 falchion of Broken Luck (weapon) {freeze, rF+}
   (You found it on level 9 of the Dungeon)

   rF+:       It protects you from fire.
 X - the +7 sceptre of Torment {pain, torment}
   (You found it on level 5 of the Dungeon)
Missiles
 u - 5 atropa-tipped darts
 y - 45 poisoned darts
 A - 4 datura-tipped darts
 J - a curare-tipped dart (quivered)
Armour
 G - an orb of energy
Magical Staves
 U - a staff of air
Jewellery
 e - an amulet of magic regeneration
 g - an amulet of the acrobat (around mantle)
 k - a +4 ring of protection (left tentacle)
 m - a +4 ring of protection (right tentacle)
 P - the ring "Duarroso" (on tentacle) {EV+5 Int+4 Dex-4 SInv}
   (You found it on level 9 of the Dungeon)

   [ring of evasion]

   EV+5:      It affects your evasion (+5).
   Int+4:     It affects your intelligence (+4).
   Dex-4:     It affects your dexterity (-4).
   SInv:      It lets you see invisible.
 R - a ring of protection from fire (on tentacle)
Talismans
 B - a blade talisman
 V - a beast talisman
Wands
 F - a wand of paralysis (6)
 H - a wand of digging (5)
 I - a wand of polymorph (8)
 W - a wand of flame (8)
Scrolls
 a - a scroll of immolation
 i - a scroll of revelation
 n - 2 scrolls of butterflies
 o - 8 scrolls of teleportation
 v - 3 scrolls of amnesia
 K - a scroll of enchant armour
 N - a scroll of fear
 Q - a scroll of brand weapon
Potions
 d - 2 potions of magic
 f - 2 potions of berserk rage
 j - 2 potions of ambrosia {unknown}
 l - 2 potions of degeneration {unknown}
 p - 5 potions of mutation
 q - 2 potions of haste
 r - 3 potions of curing
 s - 3 potions of brilliance {unknown}
 w - a potion of resistance {unknown}
 x - 3 potions of enlightenment {unknown}
 z - 2 potions of lignification {unknown}
 D - 2 potions of might {unknown}
 E - a potion of heal wounds {unknown}
 M - a potion of cancellation {unknown}
Miscellaneous
 b - a box of beasts (inert)


   Skills:
 + Level 7.1 Fighting
 + Level 8.5 Long Blades
 + Level 0.2 Throwing
 - Level 2.3 Dodging
 - Level 1.3 Stealth
 - Level 13.5 Unarmed Combat
 * Level 4.1 Spellcasting
 * Level 4.7 Air Magic
 - Level 3.2 Evocations


You had 8 spell levels left.
You knew the following spells:

 Your Spells              Type           Power      Damage    Failure   Level
a - Shock                 Conj/Air       60%        1d6       3%          1
b - Swiftness             Air            26%        N/A       4%          3
c - Blink                 Tloc           8%         N/A       16%         2
d - Airstrike             Air            13%        2d(2-18)  14%         4

Your spell library contained the following spells:

 Spells                   Type           Power      Damage    Failure   Level
 Sandblast                Erth           8%         2d5       11%         1
 Call Imp                 Summ           8%         N/A       16%         2
 Lesser Beckoning         Tloc           8%         N/A       16%         2
 Momentum Strike          Conj/Tloc      8%         3d8       16%         2
 Sublimation of Blood     Necr           4%         N/A       16%         2
 Mephitic Cloud           Conj/Alch/Air  12%        N/A       16%         3
 Dazzling Flash           Conj/Hex       8%         N/A       30%         3
 Gell's Gravitas          Tloc           4%         N/A       30%         3
 Passwall                 Erth           4%         N/A       30%         3
 Stone Arrow              Conj/Erth      8%         3d7       30%         3
 Teleport Other           Tloc           4%         N/A       30%         3
 Vhi's Electric Charge    Tloc/Air       30%        N/A       36%         4
 Brom's Barrelling Bould  Conj/Erth      4%         2d3       71%         4
 Arcjolt                  Conj/Air       7%         1d17      71%         5
 Silence                  Hex/Air        7%         N/A       71%         5
 Curse of Agony           Necr           4%         N/A       96%         5
 Plasma Beam              Fire/Air       7%         2x1d18    99%         6
 Dispersal                Tloc           2%         N/A       100%        6
 Summon Hydra             Summ           2%         N/A       100%        7


Dungeon Overview and Level Annotations

Branches:
Dungeon (10/15)            Temple (1/1) D:5            Lair (2/5) D:8
Ossuary (visited)          Bailey (visited)
  Swamp: Lair:2-3    Shoals: Lair:2-3     Snake: Lair:2-3    Spider: Lair:2-3
    Orc: D:9-12

Altars:
Ashenzari
Cheibriados
Dithmenos
Elyvilon
Fedhas
Gozag
Hepliaklqana
Kikubaaqudgha
Makhleb
Nemelex Xobeh
Okawaru
Qazlal
Ru
Sif Muna
Trog
Uskayaw
Vehumet
Wu Jian
Xom
Yredelemnul
Zin
The Shining One

Shops:
D:3 (

Annotations:
D:7 exclusion: 2 downstairs, Duvessa
D:8 exclusion: downstairs
D:10 exclusion: gargoyle
Lair:1 2 transporters
Lair:2 exclusion: upstairs


Innate Abilities, Weirdness & Mutations

You cannot wear most types of armour.
You are amphibious.
You can wear up to eight rings at the same time.
Your skin changes colour to match your surroundings (Stealth+).
Your rubbery body absorbs attacks. (AC +1, EV +1)
((You are camouflaged when in or above water. (Stealth+)))
You have tentacles for arms and can constrict up to eight enemies at once.


Message History

You barely miss the komodo dragon. Your squeeze misses the komodo dragon.
The komodo dragon is lightly wounded.
The komodo dragon closely misses you.
Aiming: Paralyse
Press: ? - help, Shift-Dir - straight line, f - komodo dragon
Aim: a komodo dragon (lightly wounded, chance to affect: 39%)
The komodo dragon suddenly stops moving!
Unknown command.
The helpless komodo dragon fails to defend itself.
You slash the komodo dragon! You freeze the komodo dragon.
The komodo dragon is heavily wounded.
The helpless komodo dragon fails to defend itself.
You slash the komodo dragon! You freeze the komodo dragon!
You squeeze the komodo dragon.
You kill the komodo dragon!
The yak bellows!
You slash the yak! You freeze the yak. You tentacle-slap the yak.
You squeeze the yak!
The yak is severely wounded.
The yak gores you but does no damage.
You hit the yak. You freeze the yak.
You tentacle-slap the yak, but do no damage.
Your squeeze misses the yak.
The yak is almost dead.
The yak gores you!
* * * LOW HITPOINT WARNING * * *
The yak bellows!
You slash the yak! You freeze the yak.
You kill the yak!
The yak is distracted by your dazzling golden aura. x2
Your Spellcasting skill increases to level 4!
The yak is no longer distracted by gold.
The cane toad gives a loud, deep croak!
You hear a roar!
The cane toad misses you.
The cane toad attacks as it pursues you!
The cane toad stings you!
* * * LOW HITPOINT WARNING * * *
The cane toad stings you!
You die...
Your body crumbles into a pile of gold.

....###.....
...........#
...........
..........# ........#
#.......# ### .
###..#.#..###.#
.##..#.#P.#..Y.F@..###
#.#.........###.#P...#
## ..........##
##...### #.
##..###...# ###..# #..
#..F..###.# #..##


#PP ##.#.#.#.#$# ##..# .. #......l.Y.# #.Y.# #. ..>##.Y##### #####.P# #######.
P......#######.P##.#### ##....##. You could see a yak and a cane toad.

Vanquished Creatures
  A death yak (D:8)
  A two-headed ogre (D:9)
  2 black mambas (Lair:1)
  2 cane toads
  Jeremiah (D:6)
  A rime drake (Lair:1)
  2 komodo dragons
  Psyche (D:10)
  6 blink frogs (Lair:1)
  2 wraiths (D:9)
  5 wyverns
  A shadow (D:10)
  11 yaks
  A basilisk (Lair:2)
  4 water moccasins
  2 ice beasts
  2 black bears
  3 orc warriors
  An ogre (D:6)
  A centaur (D:10)
  4 kobold brigands
  9 bullfrogs
  A weeping skull (Ossuary)
  An elf zombie (Ossuary)
  5 scorpions
  A gnoll sergeant (D:7)
  A wight (D:9)
  Dowan (D:7)
  A burial acolyte (Ossuary)
  10 killer bees
  3 howler monkeys
  An electric eel (Lair:1)
  6 bombardier beetles
  A human zombie (Ossuary)
  7 hounds
  2 orc priests
  A jelly (D:5)
  Crazy Yiuf (D:5)
  2 sleepcaps (D:7)
  2 iguanas (D:7)
  9 orc wizards
  2 mummies (Ossuary)
  10 adders
  5 gnolls
  A river rat (D:8)
  A shadow imp (D:7)
  2 white imps
  2 ufetubi (D:6)
  5 dart slugs
  6 ribbon worms
  39 orcs
  10 ball pythons
  8 bats
  5 giant cockroaches
  6 goblins
  12 hobgoblins
  29 kobolds
  5 quokkas
  2 ball python skeletons (D:2)
  2 frilled lizards (D:3)
  2 gnoll zombies (Ossuary)
  A jackal skeleton (D:2)
  A kobold zombie (Ossuary)
  5 rats
280 creatures vanquished.

Vanquished Creatures (collateral kills)
  An orc knight (Bailey)
  An ogre (D:5)
  A centaur (D:6)
  2 hounds (D:5)
  2 gnolls (D:6)
  A shadow imp (D:7)
  4 goblins (D:7)
  A kobold (D:6)
13 creatures vanquished.

Vanquished Creatures (others)
  A centaur (D:5)
  A killer bee (D:10)
  An adder (D:2)
3 creatures vanquished.

Grand Total: 296 creatures vanquished

Notes
Turn   | Place    | Note
-------+----------+-------------------------------------------
     0 | D:1      | H0rd4k the Octopode Artificer began the quest for the Orb.
     0 | D:1      | Reached XP level 1. HP: 13/13 MP: 1/1
   186 | D:1      | Reached skill level 1 in Unarmed Combat
   241 | D:1      | Reached XP level 2. HP: 18/18 MP: 2/2
   478 | D:1      | Reached skill level 2 in Unarmed Combat
   478 | D:1      | Reached XP level 3. HP: 23/23 MP: 3/3
  1129 | D:2      | Reached skill level 3 in Unarmed Combat
  1192 | D:2      | Reached XP level 4. HP: 5/29 MP: 4/4
  1469 | D:2      | Identified the +0 war axe "Rinuif" {drain, Will+ Int+5}
  1773 | D:2      | Reached skill level 4 in Unarmed Combat
  1911 | D:3      | Reached XP level 5. HP: 34/34 MP: 5/5
  1979 | D:3      | Found a faded altar of an unknown god.
  2169 | D:3      | Found Jiof's Antique Weapon Shoppe.
  2180 | D:3      | Identified the +5 dagger of the King {freeze, rF+ Will+}
  2316 | D:3      | Identified the +0 robe of Tuiny {Dex+2 Slay+4}
  2374 | D:3      | Found a sacrificial altar of Ru.
  2478 | D:4      | Reached skill level 5 in Unarmed Combat
  2553 | D:4      | Reached XP level 6. HP: 39/39 MP: 6/6
  2748 | D:4      | Found a sand-covered staircase.
  2755 | Ossuary  | Entered an ossuary
  2755 | Ossuary  | Found a huge runed translucent gate.
  2755 | Ossuary  | Found a huge runed translucent gate.
  2755 | Ossuary  | Found a huge runed translucent gate.
  2755 | Ossuary  | Found a huge runed translucent gate.
  2755 | Ossuary  | Found a huge runed translucent gate.
  2755 | Ossuary  | Found a huge runed translucent gate.
  2755 | Ossuary  | Found a huge runed translucent gate.
  2755 | Ossuary  | Found a huge runed translucent gate.
  2756 | Ossuary  | Found a huge runed translucent gate.
  2756 | Ossuary  | Found a huge runed translucent gate.
  2756 | Ossuary  | Found a huge runed translucent gate.
  2757 | Ossuary  | Found a huge runed translucent gate.
  2757 | Ossuary  | Found a huge runed translucent gate.
  2759 | Ossuary  | Found a huge runed translucent gate.
  2759 | Ossuary  | Found a huge runed translucent gate.
  2762 | Ossuary  | Found a huge runed translucent gate.
  2762 | Ossuary  | Found a huge runed translucent gate.
  2762 | Ossuary  | Found a huge runed translucent gate.
  2762 | Ossuary  | Found a huge runed translucent gate.
  2762 | Ossuary  | Found a huge runed translucent gate.
  2763 | Ossuary  | Found a huge runed translucent gate.
  2772 | Ossuary  | Found a huge runed translucent gate.
  2777 | Ossuary  | Found a huge runed translucent gate.
  2777 | Ossuary  | Found a huge runed translucent gate.
  2778 | Ossuary  | Found a huge runed translucent gate.
  2778 | Ossuary  | Found a huge runed translucent gate.
  2779 | Ossuary  | Found a huge runed translucent gate.
  2779 | Ossuary  | Found a huge runed translucent gate.
  2785 | Ossuary  | Found a huge runed translucent gate.
  2789 | Ossuary  | HP: 1/39 [burial acolyte/a malign offering (8)]
  2955 | Ossuary  | Found a huge runed translucent gate.
  2956 | Ossuary  | Found a huge runed translucent gate.
  2956 | Ossuary  | Found a huge runed translucent gate.
  2956 | Ossuary  | Found a huge runed translucent gate.
  2956 | Ossuary  | Found a huge runed translucent gate.
  2956 | Ossuary  | Found a huge runed translucent gate.
  2986 | Ossuary  | Reached skill level 6 in Unarmed Combat
  3016 | Ossuary  | Reached XP level 7. HP: 44/45 MP: 7/7
  3517 | D:5      | Entered Level 5 of the Dungeon
  3547 | D:5      | Reached skill level 7 in Unarmed Combat
  3648 | D:6      | Noticed Jeremiah
  3663 | D:6      | Killed Jeremiah
  3664 | D:6      | Reached skill level 8 in Unarmed Combat
  3664 | D:6      | Reached XP level 8. HP: 39/52 MP: 8/8
  3757 | D:7      | Found a flagged portal.
  3780 | D:7      | Reached skill level 9 in Unarmed Combat
  3784 | D:7      | Noticed Duvessa
  3845 | Bailey   | Entered a bailey
  4102 | Bailey   | Noticed an orc knight
  4109 | Bailey   | Killed an orc knight
  4110 | Bailey   | Reached skill level 10 in Unarmed Combat
  4267 | Bailey   | Reached XP level 9. HP: 48/57 MP: 9/9
  4311 | Bailey   | Identified the +0 plate armour of Elyvilon's Inspiration
                  | {Regen+ Int-5 Dex+3}
  4631 | D:5      | Found a staircase to the Ecumenical Temple.
  4675 | Temple   | Entered the Ecumenical Temple
  4715 | Temple   | Became a worshipper of Gozag Ym Sagoz the Greedy
  4852 | D:5      | Reached skill level 11 in Unarmed Combat
  4935 | D:5      | Found a runed translucent door.
  4935 | D:5      | Found the +7 sceptre of Torment {pain, torment}
  4936 | D:5      | Noticed Crazy Yiuf
  5864 | D:6      | Identified the +0 leather armour of the Slorg {Will+ Str+3
                  | Dex+3}
  5935 | D:6      | Reached skill level 12 in Unarmed Combat
  6592 | D:7      | Noticed Dowan
  6661 | D:7      | Reached XP level 10. HP: 43/65 MP: 10/10
  6675 | D:7      | Reached skill level 13 in Unarmed Combat
  6949 | D:8      | Noticed a death yak
  7001 | D:8      | Reached skill level 1 in Spellcasting
  7026 | D:8      | Found a staircase to the Lair.
  7029 | D:8      | Learned a level 1 spell: Shock
  7029 | D:8      | Noticed a death yak
  7297 | D:8      | Reached skill level 1 in Air Magic
  7416 | D:9      | Found a basalt altar of Yredelemnul.
  7570 | D:9      | Identified the +6 dagger of Cocytus {elec, rN+++ Int-4
                  | Dex+5}
  7585 | D:9      | Identified the ring "Duarroso" {EV+5 Int+4 Dex-4 SInv}
  7647 | D:9      | Identified the +9 falchion of Broken Luck {freeze, rF+}
  7674 | D:9      | Reached skill level 1 in Long Blades
  7909 | D:9      | Noticed a two-headed ogre
  7925 | D:9      | Killed a two-headed ogre
  7926 | D:9      | Reached skill level 5 in Fighting
  8360 | D:9      | Reached skill level 5 in Long Blades
  8436 | D:10     | Entered Level 10 of the Dungeon
  8556 | D:10     | Noticed a gargoyle
  8598 | D:10     | Noticed Psyche
  8618 | D:10     | Reached XP level 11. HP: 59/72 MP: 14/14
  8625 | D:10     | Killed Psyche
  9310 | D:10     | Learned a level 3 spell: Swiftness
  9388 | Lair:1   | Entered Level 1 of the Lair of Beasts
  9388 | Lair:1   | Found a transporter.
 10480 | Lair:1   | HP: 3/74 [komodo dragon (29)]
 10730 | Lair:1   | Noticed an eight-headed hydra
 10743 | Lair:1   | Found a transporter.
 10744 | Lair:1   | Noticed a boulder beetle
 10871 | Lair:1   | You fall into a shaft and drop 1 floor!
 11084 | Lair:1   | Learned a level 2 spell: Blink
 11089 | Lair:1   | Learned a level 4 spell: Airstrike
 11228 | D:5      | Killed Crazy Yiuf
 11646 | D:7      | Killed Dowan
 11759 | D:8      | Noticed a death yak
 11788 | D:8      | Killed a death yak
 12115 | Lair:2   | Noticed a five-headed hydra
 12140 | Lair:2   | Slain by a cane toad

Illustrated notes

Levels and vault maps discovered:
D:1:      eino_arrival_cavern_d, layout_loops_corners
D:2:      layout_loops_cross, serial_undead, serial_undead_c, serial_undead_b,
          serial_undead_a, serial_undead_c, serial_undead_f, serial_undead_d,
          minmay_heptomino_w4
D:3:      layout_basic, nicolae_ru_the_path_less_chosen,
          ebering_ecumenical_altar_rust, serial_shops, shop, minmay_bisected
D:4:      layout_basic, chequers_ossuary_entry_cave,
          nicolae_houndstooth_variations
D:5:      layout_rooms, minmay_temple_entry_statues_pillars, st_stairs_9,
          nicolae_concentric_dashed_squares_mild, uniq_crazy_yiuf_cottage
D:6:      kennysheep_housing_project, layout_rooms, uniq_jeremiah
D:7:      layout_cave_pools, enter_bailey_5, minmay_fractal_squares_diagonal_5,
          uniq_duvessa
D:8:      layout_rooms, dpeg_lair_monsters
D:9:      layout_roguey, mainiacjoe_overflow_catwalk, st_stairs_14
D:10:     layout_loops_ring, grunt_ministairs_2, uniq_psyche
Temple:   mainiacjoe_temple_cubbyholes
Lair:1:   gammafunk_boulding_lane, layout_gridlike
Lair:2:   layout_loops_ring, swamp_mist_pool

Skill      XL: |  1  2  3  4  5  6  7  8  9 10 11 |
---------------+----------------------------------+-----
Unarmed Combat | 1 2 3 4 5 6 8 10 12 13 | 13.5
Fighting       | 2 3 4 5 7 |  7.1
Spellcasting   | 2 4 |  4.1
Air Magic      | 2 4 |  4.7
Long Blades    | 5 8 |  8.5
Throwing       | |  0.2
Dodging        | |  2.3
Stealth        | |  1.3
Evocations     | |  3.2

Action                     |  1- 3 |  4- 6 |  7- 9 | 10-12 || total
---------------------------+-------+-------+-------+-------++-------
  Melee: Unarmed           |    71 |   133 |   246 |    95 ||   545
         Constrict         |    17 |    37 |    55 |    38 ||   147
         Tentacles         |     9 |    40 |    48 |    75 ||   172
         Punch             |     2 |     2 |    15 |    29 ||    48
         Falchion          |       |       |       |   270 ||   270
  Throw: Throwing net      |       |       |       |     1 ||     1
         Dart              |       |       |       |     1 ||     1
  Evoke: Wand              |     3 |     9 |    32 |     2 ||    46
         Box of beasts     |       |       |     1 |     1 ||     2
    Use: Potion            |     1 |       |       |       ||     1
         Scroll            |       |       |     9 |     6 ||    15
   Stab: Sleeping          |     8 |     8 |     4 |     5 ||    25
         Betrayed ally     |       |     2 |       |       ||     2
         Distracted        |       |       |     1 |     1 ||     2
         Paralysed         |       |       |       |     5 ||     5
 Armour: Skin              |    31 |    31 |   124 |   136 ||   322
  Dodge: Dodged            |    55 |    79 |   179 |   245 ||   558
